 Dungeon Crawl Stone Soup version 0.31-a0-1074-g0b22e4e0f1 (webtiles) character file.

Game seed: 5478592425758929641

127426 Nudhul the Slayer (level 16, -2/250 HPs)
             Began as a Minotaur Berserker on Nov 26, 2023.
             Was the Champion of Trog.
             Slain by a very ugly thing simulacrum (53 damage)
             ... animated by a necromancer
             ... on level 1 of the Depths.
             The game lasted 00:37:49 (27678 turns).

Nudhul the Slayer (Minotaur Berserker)             Turns: 27678, Time: 00:37:50

Health: -2/250     AC: 24    Str: 30    XL:     16   Next: 46%
Magic:  15/15      EV:  9    Int:  4    God:    Trog [******]
Gold:   2102       SH:  5    Dex: 10    Spells: 15/15 levels left

rFire   + . .        a - +4 battleaxe (flame)
rCold   . . .        (shield currently unavailable)
rNeg    . . .        u - +0 plate armour {rF+}
rPois   +            R - +2 hat
rElec   .            v - +2 cloak of Fortification {Rampage Drain SInv Stlth+}
rCorr   .            (no gloves)
SInv    +            (no boots)
Will    +++..        O - amulet of reflection Stlth
                     f - ring of poison resistance
HPRegen 1.61/turn    w - +4 ring of slaying
MPRegen 0.14/turn

%: reflection, rampage
@: berserking, strong-willed, regenerating, very quick
A: horns 2, retaliatory headbutt
a: Renounce Religion, Berserk, Trog's Hand, Brothers in Arms


You were on level 1 of the Depths.
You worshipped Trog.
Trog was exalted by your worship.
You visited 4 branches of the dungeon, and saw 23 of its levels.
You also visited: Sewer, Ossuary, Bailey and Ice Cave.

You collected 2709 gold pieces.
You spent 607 gold pieces at shops.

Inventory:

Hand Weapons
 a - a +4 battleaxe of flaming (weapon)
 b - a +3 battleaxe of freezing
 S - a +1 executioner's axe of freezing
 Z - the +12 executioner's axe "Jontooss" {flame, Str+5 Stlth-}
   (Trog gifted it to you on level 5 of the Lair of Beasts)

   Str+5:     It affects your strength (+5).
   Stlth-:    It makes you less stealthy.
Missiles
 x - a throwing net
 E - 33 poisoned darts
 Q - 5 silver javelins
 W - 5 darts of dispersal
 Y - 2 curare-tipped darts
Armour
 g - a +1 cloak of cold resistance
 i - the +4 skin of Zhor {*Englaciate rC+++ SInv}
   (You found it in an ice cave)

   *Englaciate: It radiates cold, occasionally slowing all nearby creatures who
   are not resistant to cold.
   rC+++:     It renders you almost immune to cold.
   SInv:      It lets you see invisible.
 l - a +2 scale mail of willpower
 u - a +0 plate armour of fire resistance (worn)
 v - the +2 cloak of Fortification (worn) {Rampage Drain SInv Stlth+}
   (You found it on level 4 of the Dungeon)

   SInv:      It lets you see invisible.
   Drain:     It drains your maximum health when unequipped.
   Rampage:   It bestows one free step when moving towards enemies.
   Stlth+:    It makes you more stealthy.
 R - a +2 hat (worn)
Jewellery
 f - a ring of poison resistance (left hand)
 j - a ring of protection from cold
 k - a +6 ring of strength
 m - a ring of resist corrosion
 w - a +4 ring of slaying (right hand)
 O - an amulet of reflection (around neck)
 U - the ring of Xom's Full Attention {MP+9 SInv}
   (You found it on level 15 of the Dungeon)

   [ring of see invisible]

   MP+9:      It affects your magic capacity (+9).
   SInv:      It lets you see invisible.
Wands
 n - a wand of iceblast (19)
 q - a wand of flame (26)
 A - a wand of digging (21)
 B - a wand of polymorph (6)
 F - a wand of paralysis (8)
 T - a wand of acid (12)
Scrolls
 c - 2 scrolls of noise
 d - 6 scrolls of summoning
 e - 4 scrolls of teleportation
 h - a scroll of identify
 y - 10 scrolls of enchant armour
 z - 5 scrolls of fear
 C - a scroll of blinking
 D - a scroll of immolation
 G - 3 scrolls of silence
 J - 7 scrolls of enchant weapon
 N - 3 scrolls of vulnerability
 P - 3 scrolls of poison
 V - a scroll of brand weapon
Potions
 o - 8 potions of curing
 p - 2 potions of enlightenment
 r - 5 potions of haste
 s - 5 potions of heal wounds
 t - 3 potions of magic
 H - 4 potions of berserk rage
 I - 4 potions of might
 K - 2 potions of cancellation
 L - 2 potions of invisibility
 M - 3 potions of resistance


   Skills:
 - Level 21.4 Fighting
 - Level 21.2 Axes
 + Level 19.1 Armour
 - Level 2.1 Dodging


You had 15 spell levels left.
You didn't know any spells.
Your spell library was empty.

Dungeon Overview and Level Annotations

Branches:
Dungeon (15/15)            Temple (0/1) D:4            Lair (5/5) D:10
 Shoals (0/4) Lair:2       Spider (0/4) Lair:2        Slime (0/5) Lair:5
    Orc (2/2) D:12            Elf (0/3) Orc:2        Vaults (0/5) D:13
 Depths (1/4) D:15          Sewer (visited)         Ossuary (visited)
 Bailey (visited)           IceCv (visited)

Altars:
Elyvilon
Fedhas
Gozag
Qazlal
Sif Muna
Vehumet
Wu Jian
Xom
Jiyva

Shops:
D:10 ?   D:11 *   D:12 [   D:15 *   Orc:2 :([=

Portals:
Ziggurat: Depths:1
Trove: D:13 (give +3 fire dragon scales)

Annotations:
D:6 3 runed translucent doors, Fodor's ghost, novice MiFi
D:10 2 runed translucent doors, Sundig's ghost, journeyman MiFi


Innate Abilities, Weirdness & Mutations

You have a pair of horns on your head.
You reflexively headbutt those who attack you in melee.


Message History

You kill the green very ugly thing!
Trog accepts your kill.
You slash the green very ugly thing! You burn the green very ugly thing.
You kill the green very ugly thing!
Trog accepts your kill.
A freezing mist starts to gather... x2 2 very ugly thing simulacra come into view.
The rakshasa gestures at you. The lance of force misses you.
Your Armour skill increases to level 19!
You rampage towards the necromancer!
Unknown command.
You closely miss the necromancer. You slash the rakshasa!
You burn the rakshasa.
The necromancer mumbles some strange words.
The necromancer binds the souls of nearby monsters.
A glowing orange brain comes into view.
The rakshasa hits you but does no damage.
Unknown command.
You barely miss the necromancer. You headbutt the necromancer!
The necromancer is almost dead.
You barely miss the rakshasa. You slice the necromancer!!
You burn the necromancer.
You kill the necromancer!
The necromancer's corpse shimmers and vanishes!
You miss the rakshasa.
You completely miss the very ugly thing simulacrum.
The necromancer casts a spell.
The necromancer binds the souls of nearby monsters.
You block the rakshasa's attack.
You slice the rakshasa like a ripe choko!!!
You burn the rakshasa!!
You kill the rakshasa!
Trog accepts your kill.
You slash the very ugly thing simulacrum!
You melt the very ugly thing simulacrum.
The very ugly thing simulacrum hits you.
* * * LOW HITPOINT WARNING * * *
The very ugly thing simulacrum freezes you!!!
You die...

##############
#............## ..
#........)..... ....#
#............# ≈....
#............#
#≈≈..######............##
#≈≈u..G..........>......
#≈........)Z...........
#≈.......p.@.Z.........
##≈..........)..........
##≈≈..#.###.............#
###≈≈...#Z.##.............#
≈≈≈......#.############.#..
......##.#.# .... .....
#...# ### #... ##### ...


You could see a glowing orange brain, a necromancer and 2 very ugly thing
simulacra.

Vanquished Creatures
  A fire giant (Depths:1)
  A caustic shrike zombie (Depths:1)
  2 very ugly things (Depths:1)
  A stone giant (Depths:1)
  A vampire knight (Depths:1)
  A deep elf annihilator (D:13)
  Azrael (D:15)
  A fire dragon (Depths:1)
  An ettin (D:15)
  2 hydras
  An ice dragon (Depths:1)
  Josephine (Orc:2)
  Fannar (D:11)
  2 vault guards (D:13)
  A rakshasa (Depths:1)
  3 catoblepae (Lair:5)
  Erolcha (D:11)
  An ogre mage (Orc:2)
  7 centaur warriors
  An ironbound frostheart (D:13)
  9 two-headed ogres
  A deep troll shaman (Depths:1)
  5 boulder beetles
  15 death yaks
  5 orc high priests (Orc:2)
  4 occultists
  Nergalle (D:11)
  Sonja (Lair:5)
  A fire crab (shapeshifter) (D:14)
  An iron troll (Depths:1)
  2 skysharks
  4 deep trolls (Depths:1)
  A lindwurm (Lair:4)
  13 orc knights
  2 necromancers
  2 arcanists (D:15)
  10 deep elf pyromancers
  2 deep elf zephyrmancers (Orc:2)
  A stone giant zombie (Depths:1)
  A frost giant zombie (Depths:1)
  An ugly thing (IceCv)
  8 cyclopes
  18 elephants
  6 manticores
  Maurice (D:7)
  A merfolk siren (Lair:2)
  An ice statue (IceCv)
  10 black mambas
  12 cane toads
  3 gargoyles
  9 komodo dragons
  A kobold demonologist (D:12)
  4 rime drakes
  3 freezing wraiths (IceCv)
  An anaconda simulacrum (IceCv)
  2 tengu conjurers (D:15)
  A merfolk (Lair:2)
  5 trolls
  10 ice devils (IceCv)
  A merfolk (shapeshifter) (D:13)
  3 meliai (D:15)
  3 polar bears
  Grinder (D:5)
  A raiju (shapeshifter) (D:13)
  A shadow (D:9)
  A spriggan (shapeshifter) (D:15)
  A wyvern (Lair:3)
  13 slime creatures
  A spriggan (Lair:5)
  A water elemental (D:13)
  2 vampires
  4 wraiths
  4 dire elephant simulacra (IceCv)
  52 yaks
  5 fire elementals (D:15)
  3 basilisks
  6 death yak simulacra (IceCv)
  A steam dragon (D:7)
  4 vampire mosquitoes
  2 harpy simulacra (IceCv)
  Menkaure (D:7)
  7 wargs
  17 water moccasins
  2 acid dragons
  A hydra simulacrum (IceCv)
  A hell hound (D:15)
  50 orc warriors
  2 ice beasts
  A sky beast (D:6)
  2 black bears
  11 ogres
  13 centaurs
  11 wolves
  A phantom (D:4)
  An elf zombie (Ossuary)
  2 kobold brigands
  9 bullfrogs
  3 cane toad simulacra (IceCv)
  2 gnoll sergeants
  2 two-headed ogre simulacra (IceCv)
  5 scorpions
  3 wights (D:10)
  5 elephant simulacra (IceCv)
  3 killer bees (D:10)
  4 electric eels
  8 howler monkeys
  A centaur zombie (Ossuary)
  3 hounds
  24 orc priests
  3 jellies
  A human zombie (Ossuary)
  Crazy Yiuf (D:4)
  2 iguanas
  Jessica (D:2)
  18 orc wizards
  3 polar bear simulacra (IceCv)
  2 spriggan simulacra
  3 wolf simulacra (IceCv)
  2 mummies (Ossuary)
  14 gnolls
  6 adders
  A river rat (Sewer)
  2 white imps (IceCv)
  An ufetubus (IceCv)
  An adder zombie (Ossuary)
  3 dart slugs
  103 orcs
  9 endoplasms
  10 giant cockroaches
  10 hobgoblins
  7 jackals
  3 quokkas (D:1)
  8 ball pythons
  8 bats
  4 frilled lizards
  7 goblins
  A goblin zombie (Ossuary)
  12 hobgoblin zombies (Ossuary)
  2 jackal zombies (Ossuary)
  15 kobolds
  11 kobold zombies (Ossuary)
  6 orc zombies (Ossuary)
  A quokka zombie (D:7)
  8 rats
  A rat zombie (D:7)
804 creatures vanquished.

Notes
Turn   | Place    | Note
-------+----------+-------------------------------------------
     0 | D:1      | Nudhul the Minotaur Berserker began the quest for the Orb.
     0 | D:1      | Reached XP level 1. HP: 19/19 MP: 0/0
   218 | D:1      | Reached XP level 2. HP: 22/26 MP: 1/1
   412 | D:1      | Found a faded altar of an unknown god.
   534 | D:1      | Reached skill level 5 in Axes
   815 | D:1      | Reached XP level 3. HP: 31/31 MP: 2/2
  1294 | D:2      | Noticed Jessica
  1297 | D:2      | Killed Jessica
  1298 | D:2      | Reached XP level 4. HP: 29/39 MP: 3/3
  1459 | D:2      | Reached ** piety under Trog
  2694 | D:3      | Reached XP level 5. HP: 27/45 MP: 4/4
  2955 | D:4      | Noticed an ogre
  2964 | D:4      | Killed an ogre
  2965 | D:4      | Reached XP level 6. HP: 51/51 MP: 5/5
  2986 | D:4      | Found a staircase to the Ecumenical Temple.
  3188 | D:4      | Found a glowing drain.
  3199 | Sewer    | Entered a sewer
  3256 | Sewer    | Reached *** piety under Trog
  3396 | Sewer    | Found a viscous altar of Jiyva.
  3450 | D:4      | Identified the +2 cloak of Fortification {Rampage Drain
                  | SInv Stlth+}
  3505 | D:4      | Reached XP level 7. HP: 57/57 MP: 6/6
  3603 | D:4      | Found a runed translucent door.
  3604 | D:4      | Noticed Crazy Yiuf
  3615 | D:4      | Killed Crazy Yiuf
  3915 | D:5      | Entered Level 5 of the Dungeon
  3930 | D:5      | Reached skill level 10 in Axes
  4603 | D:5      | Noticed Grinder
  4611 | D:5      | Killed Grinder
  4612 | D:5      | Reached XP level 8. HP: 61/64 MP: 7/7
  5000 | D:6      | Reached **** piety under Trog
  5122 | D:6      | Found an ornate altar of the Wu Jian Council.
  5755 | D:6      | Found a runed translucent gate.
  5755 | D:6      | Found a runed translucent gate.
  5757 | D:6      | Found a runed translucent gate.
  5761 | D:6      | Noticed Fodor's ghost (novice MiFi)
  6189 | D:7      | Found an opulent altar of Gozag.
  6217 | D:7      | Noticed Menkaure
  6231 | D:7      | Killed Menkaure
  6232 | D:7      | Reached XP level 9. HP: 40/70 MP: 8/8
  6446 | D:7      | Found a shimmering altar of Xom.
  6456 | D:7      | Found a shimmering altar of Xom.
  6459 | D:7      | Found a shimmering altar of Xom.
  6460 | D:7      | Found a shimmering altar of Xom.
  6460 | D:7      | Found a shimmering altar of Xom.
  6461 | D:7      | Found a shimmering altar of Xom.
  6462 | D:7      | Found a shimmering altar of Xom.
  6534 | D:7      | Found a shimmering altar of Xom.
  6585 | D:7      | Noticed Maurice
  6586 | D:7      | Paralysed by Maurice for 2 turns
  6601 | D:7      | Paralysed by Maurice for 2 turns
  6609 | D:7      | Killed Maurice
  6610 | D:7      | Reached skill level 15 in Axes
  6641 | D:7      | Found a sand-covered staircase.
  6652 | Ossuary  | Entered an ossuary
  6771 | Ossuary  | Reached ***** piety under Trog
  7044 | D:7      | Noticed a wind drake
  7281 | D:8      | Found a shimmering blue altar of Sif Muna.
  7292 | D:8      | Noticed a centaur warrior
  7305 | D:8      | Killed a centaur warrior
  7500 | D:8      | Reached XP level 10. HP: 74/77 MP: 9/9
  7588 | D:8      | Noticed a two-headed ogre
  7597 | D:8      | Killed a two-headed ogre
  7778 | D:8      | Found a stormy altar of Qazlal.
  7788 | D:8      | Found a radiant altar of Vehumet.
  7932 | D:8      | Found a blossoming altar of Fedhas.
  8162 | D:9      | Noticed a boulder beetle
  8169 | D:9      | Killed a boulder beetle
  8282 | D:9      | Noticed a two-headed ogre
  8286 | D:9      | Killed a two-headed ogre
  8473 | D:9      | Reached XP level 11. HP: 82/82 MP: 10/10
  8485 | D:10     | Entered Level 10 of the Dungeon
  8485 | D:10     | Found Piry's Magic Scroll Shop.
  8488 | D:10     | Bought a scroll of identify for 28 gold pieces
  8488 | D:10     | Bought a scroll of fear for 56 gold pieces
  8488 | D:10     | Bought a scroll of identify for 28 gold pieces
  8488 | D:10     | Bought a scroll of enchant weapon for 105 gold pieces
  8506 | D:10     | Found a staircase to the Lair.
  8753 | D:10     | Noticed a skeletal warrior
  8763 | D:10     | Noticed Sundig's ghost (journeyman MiFi)
  8763 | D:10     | Noticed a lich
  8763 | D:10     | Noticed a centaur warrior
  8764 | D:10     | Noticed a skeletal warrior
  8764 | D:10     | Noticed a boulder beetle
  8765 | D:10     | Noticed a great orb of eyes
  8765 | D:10     | Noticed a necromancer
  8826 | D:10     | Reached skill level 5 in Fighting
  8940 | D:10     | Found a runed translucent door.
  8944 | D:10     | Found a runed translucent door.
  9118 | D:10     | Found a flagged portal.
  9127 | Bailey   | Entered a bailey
  9399 | Bailey   | Noticed an orc knight
  9409 | Bailey   | Killed an orc knight
 10270 | D:11     | Found Riladox's Retail Resort.
 10273 | D:11     | Reached XP level 12. HP: 99/102 MP: 11/11
 10335 | D:11     | Noticed Erolcha
 10345 | D:11     | HP: 5/105 [+1 spectral giant club[Erolcha] (23)]
 10364 | D:11     | Killed Erolcha
 10365 | D:11     | Reached skill level 10 in Fighting
 10462 | D:11     | Bought an amulet of reflection for 390 gold pieces
 10548 | D:11     | Noticed Nergalle
 10557 | D:11     | Killed Nergalle
 10848 | D:11     | Noticed Fannar
 10862 | D:11     | Killed Fannar
 11165 | D:11     | Reached ****** piety under Trog
 11165 | D:11     | Received a gift from Trog
 11270 | Lair:1   | Entered Level 1 of the Lair of Beasts
 13083 | Lair:2   | Reached skill level 15 in Fighting
 13083 | Lair:2   | Reached XP level 13. HP: 126/126 MP: 12/12
 13298 | Lair:2   | Found a hole to the Spider Nest.
 13511 | Lair:2   | Found a staircase to the Shoals.
 14234 | Lair:3   | You fall into a shaft and drop 2 floors!
 14234 | Lair:5   | Entered Level 5 of the Lair of Beasts
 14362 | Lair:5   | Received a gift from Trog
 16056 | Lair:4   | Reached XP level 14. HP: 119/146 MP: 13/13
 16198 | Lair:4   | Identified the +0 dagger "Qasomat" {speed, rPois}
 17150 | Lair:5   | Noticed Sonja
 17153 | Lair:5   | Killed Sonja
 17153 | Lair:5   | Identified the +12 executioner's axe "Jontooss" {flame,
                  | Str+5 Stlth-} (Trog gifted it to you on level 5 of the Lair
                  | of Beasts)
 17153 | Lair:5   | Received a gift from Trog
 17196 | Lair:5   | Found a staircase to the Slime Pits.
 17230 | Lair:5   | Found a viscous altar of Jiyva.
 17821 | Lair:5   | Identified the +1 mace of Blood-Lust {flame, rElec rF- rC+}
 18241 | D:12     | Found Ehoahaop's Armour Shoppe.
 18241 | D:12     | Found a staircase to the Orcish Mines.
 18353 | D:12     | Found a frozen archway.
 18371 | IceCv    | Entered an ice cave
 18468 | IceCv    | Reached skill level 5 in Armour
 18818 | IceCv    | Found an ancient bone altar of Kikubaaqudgha.
 18865 | IceCv    | Found the +4 skin of Zhor {*Englaciate rC+++ SInv}
 18982 | IceCv    | Received a gift from Trog
 19935 | Orc:1    | Entered Level 1 of the Orcish Mines
 20044 | Orc:2    | Entered Level 2 of the Orcish Mines
 20205 | Orc:2    | Found Kuzomm's Book Boutique.
 20212 | Orc:2    | Noticed Josephine
 20222 | Orc:2    | Killed Josephine
 20223 | Orc:2    | Reached skill level 10 in Armour
 20223 | Orc:2    | Reached XP level 15. HP: 144/158 MP: 14/14
 20271 | Orc:2    | Found a staircase to the Elven Halls.
 20293 | Orc:1    | Received a gift from Trog
 22485 | Orc:2    | Identified the +6 great sword of the Ghost {flame, rElec}
                  | (Trog gifted it to you on level 2 of the Orcish Mines)
 22485 | Orc:2    | Received a gift from Trog
 22929 | Orc:2    | Found Zeatwot's Book Boutique.
 22932 | Orc:2    | Found Juuvut's Antique Armour Boutique.
 22933 | Orc:2    | Found Farheqot's Jewellery Boutique.
 22934 | Orc:2    | Found Azxetaxt's Antique Weapon Shop.
 23782 | D:13     | Reached skill level 15 in Armour
 24132 | D:13     | Found a gate to the Vaults.
 24508 | D:13     | Found a portal to a secret trove of treasure.
 24760 | D:14     | Received a gift from Trog
 25137 | D:14     | Found a white marble altar of Elyvilon.
 25879 | D:15     | Entered Level 15 of the Dungeon
 25895 | D:15     | Identified the ring of Xom's Full Attention {MP+9 SInv}
 25920 | D:15     | Reached XP level 16. HP: 91/167 MP: 15/15
 26088 | D:15     | Found a staircase to the Depths.
 26095 | D:15     | Noticed Azrael
 26110 | D:15     | Killed Azrael
 26563 | D:15     | Identified the +6 bardiche of the Viper {flame, Str+4}
                  | (Trog gifted it to you on level 15 of the Dungeon)
 26563 | D:15     | Received a gift from Trog
 27069 | D:15     | Found Ynwiuph's General Store.
 27223 | Depths:1 | Entered Level 1 of the Depths
 27583 | Depths:1 | Found a one-way gateway to a ziggurat.
 27583 | Depths:1 | Noticed a dread lich
 27588 | Depths:1 | Noticed a Hell Sentinel
 27678 | Depths:1 | Slain by a very ugly thing simulacrum

Illustrated notes

Levels and vault maps discovered:
D:1:      ldierk_walled_garden_2, layout_basic, chequers_ecumenical_altar_island
D:2:      layout_loops_ring, minmay_bisected, uniq_jessica
D:3:      layout_basic
D:4:      layout_loops_ring, minmay_temple_entry_proselytizer,
          cheibrodos_sewer_entry_sluice, uniq_crazy_yiuf_cottage
D:5:      layout_loops_ring, uniq_grinder
D:6:      layout_loops_corners, nzn_wu_jian_council_hall,
          gammafunk_ghost_necromancy, minmay_fountain_box, grunt_decor_arrowhead
D:7:      layout_cave_pods, grunt_gozag_breadcrumbs, xom_shifter_show,
          enter_ossuary_4, uniq_maurice, uniq_menkaure
D:8:      hellmonk_ruined_rings, layout_gridville,
          mainiacjoe_overflow_concentric_impassable,
          mainiacjoe_overflow_big_doors, general_overflow_altar
D:9:      layout_rooms
D:10:     layout_basic, erik_lair_orcish_takeover, muffindrake_ghost_dual_entry,
          serial_shops, nicolae_stop_n_shop_2, enter_bailey_4
D:11:     layout_grid_maze, minivault_10, nicolae_alphabet_shops, uniq_fannar,
          uniq_nergalle, uniq_erolcha
D:12:     layout_long_grid, orc_david_3, portal_ice_cave_entry_pillars_2,
          nrook_mini_vaults
D:13:     cheibrodos_wizards_tower, layout_long_grid, hellmonk_vaults_keyhole,
          serial_bayou, serial_bayou_pond_c, serial_bayou_lagoon_a,
          serial_bayou_lagoon_b, serial_bayou_pond_e, serial_bayou_pond_a,
          serial_bayou_pond_b, enter_trove_0
D:14:     layout_roguey [special_room_orc], elyvilon_altar_4
D:15:     hangedman_depths_entry_civil_slaughter, layout_basic,
          corexii_leaking_fountain, serial_shops, nicolae_lakefront_shop,
          uniq_azrael
Lair:1:   layout_cave_pods, grunt_megastairs_4
Lair:2:   layout_misc_corridors, elwin_shoals_entry_rooms,
          spider_nest_entry_web_field, serial_bayou_shore_a, grunt_megastairs_5,
          lemuel_fruit_tree
Lair:3:   layout_roguey, st_stairs_5, serial_bayou_shore_b
Lair:4:   layout_cellular_growth
Lair:5:   evilmike_catoblepas_cave, layout_concentric_octagons, slime_entry_1,
          grunt_forest_large_clearing_hut, uniq_sonja
Orc:1:    layout_diamond_mine
Orc:2:    st_orc_pillars, layout_diamond_mine, serial_shops, shop,
          statue_in_the_mist_lemuel, elves_outpost_lemuel, uniq_josephine
Depths:1: layout_basic, enter_ziggurat_d, mu_enter_wizlab_5,
          chequers_serial_rivers_room_b, pf_coc_iceberg,
          hangedman_abyss_or_decor_lesser_grid, st_stairs_3,
          grunt_dithmenos_smoke

Skill      XL: |  1  2  3  4  5  6  7  8  9 10 11 12 13 14 15 16 |
---------------+-------------------------------------------------+-----
Axes           | 4 5 7 8 9 11 14 17 21 | 21.2
Fighting       | 8 15 19 21 | 21.4
Armour         | 10 16 19 | 19.1
Dodging        | |  2.1

Action                     |  1- 3 |  4- 6 |  7- 9 | 10-12 | 13-15 | 16-18 || total
---------------------------+-------+-------+-------+-------+-------+-------++-------
  Melee: Hand axe          |    75 |   168 |   298 |    27 |       |       ||   568
         Headbutt          |     5 |    22 |    54 |    67 |   178 |    33 ||   359
         Punch             |       |     1 |     6 |       |       |       ||     7
         Battleaxe         |       |       |       |   260 |   766 |   132 ||  1158
 Invoke: Berserk           |       |     1 |     2 |     1 |     4 |     2 ||    10
         Trog's Hand       |       |       |     2 |     2 |     1 |     2 ||     7
  Evoke: Wand              |       |       |       |       |     2 |       ||     2
    Use: Scroll            |       |     9 |     9 |    10 |     7 |     7 ||    42
         Potion            |       |       |     2 |     5 |     2 |       ||     9
   Stab: Paralysed         |       |       |       |     2 |       |       ||     2
         Petrifying        |       |       |       |     1 |       |       ||     1
         Held in net/web   |       |       |       |       |     1 |       ||     1
 Armour: Animal skin       |    41 |     5 |       |       |   124 |       ||   170
         Chain mail        |       |    98 |   169 |   198 |   198 |       ||   663
         Leather armour    |       |       |       |       |    28 |       ||    28
         Plate armour      |       |       |       |       |   138 |   105 ||   243
         Scale mail        |       |       |       |       |    23 |       ||    23
  Dodge: Dodged            |    52 |    66 |    83 |   101 |   191 |    40 ||   533
  Block: Other             |       |       |       |    18 |   103 |    18 ||   139
         Reflection        |       |       |       |       |     9 |       ||     9

Table legend: (Time is in decaauts)
 A = Elapsed time spent in this place.
 B = Non-inter-level travel time spent in this place.
 C = Inter-level travel time spent in this place.
 D = Time resting spent in this place.
 E = Time spent auto-exploring this place.
 F = Levels seen in this place.
 G = Mean time per level.
                   A        B        C        D        E       F      G
               +--------+--------+--------+--------+--------+-----+--------+
         Total |  27336 |  26543 |    793 |   6623 |  16371 |  27 | 1012.4 |
       Dungeon |  14993 |  14534 |    459 |   2618 |  10123 |  15 |  999.5 |
          Lair |   6662 |   6412 |    250 |   1298 |   4481 |   5 | 1332.4 |
  Orcish Mines |   3294 |   3210 |     84 |   1820 |    897 |   2 | 1647.0 |
        Depths |    449 |    449 |      0 |     64 |    216 |   1 |  449.0 |
         Sewer |    251 |    251 |      0 |      0 |    137 |   1 |  251.0 |
       Ossuary |    248 |    248 |      0 |     38 |    130 |   1 |  248.0 |
        Bailey |    549 |    549 |      0 |    398 |     95 |   1 |  549.0 |
      Ice Cave |    886 |    886 |      0 |    385 |    291 |   1 |  886.0 |
               +--------+--------+--------+--------+--------+-----+--------+

Top non-repeatable levels by time:
   Orc:1: 1746 daAuts
    D:13: 1657 daAuts
   Orc:2: 1548 daAuts
  Lair:1: 1414 daAuts
  Lair:4: 1386 daAuts
    D:15: 1316 daAuts
  Lair:5: 1314 daAuts
  Lair:2: 1306 daAuts
    D:11: 1287 daAuts
  Lair:3: 1241 daAuts
     D:6: 1177 daAuts
    D:10: 1136 daAuts
     D:1: 1113 daAuts
     D:3: 1094 daAuts
     D:4: 946 daAuts
